 Dungeon Crawl Stone Soup version 0.30-a0-140-gd1020e658a (webtiles) character file.

Game seed: 7238786820284909361

3084 Decritt the Skirmisher (level 9, -5/48 HPs)
             Began as a Spriggan Hunter on Sept 24, 2022.
             Was a Follower of Fedhas.
             Shot with a bolt by an orc warrior (14 damage)
             ... on level 7 of the Dungeon.
             The game lasted 00:16:32 (9446 turns).

Decritt the Skirmisher (Spriggan Hunter)            Turns: 9446, Time: 00:16:32

Health: -5/48      AC:  7    Str:  7    XL:     9   Next: 58%
Magic:  12/12      EV: 25    Int: 10    God:    Fedhas [*.....]
Gold:   431        SH:  0    Dex: 23    Spells: 8/8 levels left

rFire   . . .      SeeInvis +    a - +2 shortbow
rCold   + . .      Faith    .    (shield currently unavailable)
rNeg    . . .      Spirit   .    y - +2 robe {rC+}
rPois   .          Reflect  .    (helmet restricted)
rElec   .          Harm     .    w - +2 cloak
rCorr   .          Rampage  .    (gloves unavailable)
Will    +....                    (boots unavailable)
Stlth   +++.......               (no amulet)
HPRegen 0.16/turn                (no ring)
MPRegen 0.13/turn                (no ring)

@: very quick
A: very small, no large weapons, unfitting armour, see invisible, speed 3
a: Renounce Religion


You were on level 7 of the Dungeon.
You worshipped Fedhas.
Fedhas was aware of your devotion.
You visited 2 branches of the dungeon, and saw 8 of its levels.

You collected 431 gold pieces.

Inventory:

Hand Weapons
 a - a +2 shortbow (weapon)
 d - a +2 mace of venom
Armour
 n - a +0 troll leather armour
 w - a +2 cloak (worn)
 y - a +2 robe of cold resistance (worn)
Jewellery
 f - a ring of positive energy
Wands
 t - a wand of digging (9)
Scrolls
 b - 3 scrolls of immolation
 c - 2 scrolls of blinking
 g - 2 scrolls of magic mapping
 l - a scroll of teleportation
 r - a scroll of identify
 s - 2 scrolls of enchant weapon
 B - 2 scrolls of enchant armour
Potions
 e - 6 potions of heal wounds
 h - 2 potions of haste
 i - a potion of brilliance {unknown}
 j - a potion of curing
 k - a potion of berserk rage {unknown}
 m - a potion of invisibility {unknown}
 o - 2 potions of ambrosia
 p - 2 potions of mutation {unknown}
 q - a potion of magic {unknown}
 u - 2 potions of lignification {unknown}
 v - 2 potions of attraction
 x - 3 potions of flight
 z - a potion of might {unknown}
 A - a potion of resistance {unknown}


   Skills:
 + Level 5.7 Fighting
 + Level 9.5 Ranged Weapons
 - Level 1.2 Armour
 + Level 8.3 Dodging
 + Level 5.1 Stealth
 + Level 3.3 Invocations


You had 8 spell levels left.
You didn't know any spells.
Your spell library contained the following spells:

 Spells                   Type           Power      Damage    Failure   Level
 Magic Dart               Conj           0%         1d3       36%         1
 Blink                    Tloc           0%         N/A       50%         2
 Searing Ray              Conj           0%         2d4       50%         2
 Lesser Beckoning         Tloc           0%         N/A       75%         3
 Fulminant Prism          Conj/Hex       0%         3d6       98%         4
 Manifold Assault         Tloc           0%         N/A       98%         4


Dungeon Overview and Level Annotations

Branches:
Dungeon (7/15)             Temple (1/1) D:7

Altars:
Ashenzari
Cheibriados
Dithmenos
Elyvilon
Fedhas
Gozag
Hepliaklqana
Kikubaaqudgha
Makhleb
Nemelex Xobeh
Okawaru
Qazlal
Ru
Sif Muna
Trog
Uskayaw
Vehumet
Wu Jian
Xom
Yredelemnul
Zin
The Shining One

Annotations:
D:3 menkaure, Menkaure
D:4 grinder, Grinder


Innate Abilities, Weirdness & Mutations

You are very small and have problems with some larger weapons.
You are too small for most types of armour.
You have supernaturally acute eyesight. (SInv)
You cover ground extremely quickly. (Speed+++)


Message History

Fedhas appreciates your contribution to the ecosystem.
Your Stealth skill increases to level 5!
You shoot an arrow. The arrow barely misses the orc wizard.
The orc wizard shouts!
You shoot an arrow. The arrow hits the orc wizard!
The orc wizard is almost dead.
The orc wizard casts a spell at you. The puff of flame hits you!
You shoot an arrow. The arrow hits the orc wizard!
You kill the orc wizard!
Fedhas appreciates your contribution to the ecosystem.
You shoot an arrow.
The arrow completely misses the orc priest.
You shoot an arrow. The orc warrior shouts!
The arrow hits the orc priest.
The orc priest is moderately wounded.
You shoot an arrow. The arrow hits the orc priest.
The orc priest is heavily wounded.
A sky beast comes into view.
You shoot an arrow.
The arrow hits the orc priest but does no damage.
The orc priest is heavily wounded.
You shoot an arrow. The arrow hits the orc priest!
You kill the orc priest!
Fedhas appreciates your contribution to the ecosystem.
The orc warrior shoots a bolt.
The bolt hits you. The bolt burns you.
You shoot an arrow.
The arrow hits the orc warrior but does no damage.
The orc warrior is lightly wounded.
The orc warrior shoots a bolt.
The bolt closely misses you.
You shoot an arrow. The arrow hits the orc warrior!
The orc warrior is moderately wounded.
The orc warrior shoots a bolt.
The bolt hits you!!
* * * LOW HITPOINT WARNING * * *
The bolt burns you!
* * * LOW HITPOINT WARNING * * *
The orc warrior shoots a bolt.
The bolt hits you!
You die...
Fedhas appreciates your contribution to the ecosystem.

##.# #.# #.#...## ...# #.#
###......#
##.#####.###........#
....................#..
###############........
.#..#.##... #.#######
...##.#...#####..#
....#.#..##..##..#
#####)##.#....#.@### .
).....g##.##..#....# ...
..###..).#.##.#....#.....
....##..##..#.#.......<...
.#.######.g.#.#.>...Y....o
.#..#....g.## #...#)......
#########.#####.#.##o.)...
#....)....#.#.# #.....
#.#..####.#.#.# #...#


You could see an orc warrior and a sky beast.

Vanquished Creatures
  A troll (D:7)
  A steam dragon (D:7)
  3 water moccasins (D:7)
  An orc warrior (D:7)
  A black bear (D:5)
  2 bullfrogs
  A necrophage (D:5)
  A gnoll sergeant (D:7)
  2 scorpions (D:5)
  9 wights
  A jelly (D:6)
  4 hounds
  Crazy Yiuf (D:1)
  5 orc priests
  Jessica (D:3)
  2 gnoll boudas (D:7)
  Natasha (twice) (D:2)
  Terence (D:1)
  An iguana (D:7)
  3 orc wizards
  Ijyb (D:3)
  5 adders
  7 gnolls
  A shadow imp (D:6)
  A white imp (D:6)
  4 worms
  14 dart slugs
  16 orcs
  9 ball pythons
  11 endoplasms
  4 giant cockroaches
  11 goblins
  8 hobgoblins
  7 jackals
  3 kobolds
  2 quokkas
  5 bats
  3 frilled lizards
  6 rats
161 creatures vanquished.

Vanquished Creatures (others)
  A two-headed ogre (D:7)
  An orc (D:7)
  A fungus (D:2)
3 creatures vanquished.

Grand Total: 164 creatures vanquished

Notes
Turn   | Place    | Note
-------+----------+-------------------------------------------
     0 | D:1      | Decritt the Spriggan Hunter began the quest for the Orb.
     0 | D:1      | Reached XP level 1. HP: 10/10 MP: 2/2
   447 | D:1      | Reached XP level 2. HP: 15/15 MP: 3/3
   763 | D:1      | Reached XP level 3. HP: 17/18 MP: 4/4
  1331 | D:2      | Noticed Terence
  1392 | D:1      | Killed Terence
  1393 | D:1      | Reached XP level 4. HP: 9/23 MP: 5/5
  2205 | D:2      | Noticed Natasha
  2218 | D:2      | Killed Natasha
  2219 | D:2      | Reached XP level 5. HP: 13/27 MP: 6/6
  2489 | D:2      | Found a faded altar of an unknown god.
  2662 | D:2      | Found a runed translucent door.
  2663 | D:2      | Noticed Crazy Yiuf
  2663 | D:2      | Noticed Natasha
  3066 | D:1      | Killed Crazy Yiuf
  3067 | D:1      | Reached skill level 5 in Ranged Weapons
  3387 | D:2      | Killed Natasha
  4078 | D:3      | Noticed Ijyb
  4088 | D:3      | Killed Ijyb
  4252 | D:3      | Noticed Jessica
  4254 | D:3      | Killed Jessica
  4255 | D:3      | Reached XP level 6. HP: 26/32 MP: 7/7
  4500 | D:4      | Noticed Menkaure
  4730 | D:4      | Noticed Grinder
  5426 | D:4      | Paralysed by Grinder for 3 turns
  5446 | D:5      | Entered Level 5 of the Dungeon
  5583 | D:5      | Found an iron altar of Okawaru.
  5598 | D:5      | Reached skill level 6 in Ranged Weapons
  5692 | D:5      | Found a shimmering blue altar of Sif Muna.
  5829 | D:5      | Reached XP level 7. HP: 37/37 MP: 8/8
  5922 | D:5      | Reached skill level 5 in Dodging
  6493 | D:6      | Reached skill level 7 in Ranged Weapons
  6629 | D:6      | Reached XP level 8. HP: 42/42 MP: 9/9
  7738 | D:7      | Found a staircase to the Ecumenical Temple.
  7747 | Temple   | Entered the Ecumenical Temple
  8148 | Temple   | Became a worshipper of Fedhas Madash
  8282 | D:7      | Noticed a troll
  8362 | D:7      | Killed a troll
  8363 | D:7      | Reached skill level 8 in Ranged Weapons
  8481 | D:7      | Reached skill level 1 in Invocations
  8555 | D:7      | Reached skill level 5 in Fighting
  8584 | D:7      | Reached skill level 1 in Armour
  8642 | D:7      | Reached XP level 9. HP: 47/47 MP: 11/11
  8735 | D:7      | Noticed a two-headed ogre
  8762 | D:7      | Killed a two-headed ogre
  8763 | D:7      | Reached skill level 9 in Ranged Weapons
  9023 | D:7      | Reached * piety under Fedhas
  9234 | D:7      | Identified the +3 whip of Prudence {pain, rElec rN+ Int-3}
  9434 | D:7      | Reached skill level 5 in Stealth
  9446 | D:7      | Shot with a bolt by an orc warrior

Illustrated notes

Levels and vault maps discovered:
D:1:      minmay_arrival_jagged, layout_basic
D:2:      layout_loops_ring, chequers_ecumenical_altar_simple,
          minmay_fractal_squares_gapless_5, uniq_crazy_yiuf_cottage,
          uniq_terence, uniq_natasha
D:3:      layout_basic, uniq_jessica, uniq_ijyb
D:4:      kennysheep_slugbush, layout_cave_pools, uniq_menkaure, uniq_grinder
D:5:      layout_loops_ring, tgw_sif, lemuel_crystal_altar
D:6:      layout_basic, chequers_serial_rivers_micro_d
D:7:      layout_loops_corners, minmay_temple_entry_slanted, minmay_the_grid_2x2
          [minmay_the_grid_spikes, minmay_the_grid_fan,
          minmay_the_grid_broken_lines,
          minmay_the_grid_prize_four_corners_diamond_a]
Temple:   mainiacjoe_temple_big_plus

Skill      XL: |  1  2  3  4  5  6  7  8  9 |
---------------+----------------------------+-----
Stealth        | 2 3 4 5 |  5.1
Fighting       | 2 3 4 5 |  5.7
Dodging        | 3 4 6 7 8 |  8.3
Ranged Weapons | 5 6 7 8 9 |  9.5
Invocations    | 1 3 |  3.3
Armour         | 1 |  1.2

Action                   |  1- 3 |  4- 6 |  7- 9 || total
-------------------------+-------+-------+-------++-------
 Fire: Shortbow          |   102 |   229 |   292 ||   623
  Use: Scroll            |       |    13 |     4 ||    17
       Potion            |       |     1 |       ||     1
Armor: Robe              |     1 |    12 |     5 ||    18
       Troll leather arm |       |       |     2 ||     2
Dodge: Dodged            |    41 |    66 |   111 ||   218

Table legend: (Time is in decaauts)
 A = Elapsed time spent in this place.
 B = Non-inter-level travel time spent in this place.
 C = Inter-level travel time spent in this place.
 D = Time resting spent in this place.
 E = Time spent auto-exploring this place.
 F = Levels seen in this place.
 G = Mean time per level.
                   A        B        C        D        E       F      G
               +--------+--------+--------+--------+--------+-----+--------+
         Total |   7615 |   7464 |    151 |   2925 |   3111 |   8 |  951.9 |
       Dungeon |   7352 |   7228 |    124 |   2925 |   2881 |   7 | 1050.3 |
        Temple |    263 |    236 |     27 |      0 |    230 |   1 |  263.0 |
               +--------+--------+--------+--------+--------+-----+--------+

Top non-repeatable levels by time:
     D:1: 1898 daAuts
     D:7: 1228 daAuts
     D:3: 1058 daAuts
     D:5: 1045 daAuts
     D:2: 992 daAuts
     D:4: 629 daAuts
     D:6: 500 daAuts
  Temple: 263 daAuts
